 Dungeon Crawl Stone Soup version 0.31.0-11-ge490571c62 (webtiles) character file.

Game seed: 6682087194363651913

51 Gadfly the Insei (level 3, 0/29 HPs)
             Began as a Demonspawn Monk on Feb 2, 2024.
             Slain by Sigmund
             ... wielding a +0 scythe
              (5 damage)
             ... on level 2 of the Dungeon.
             The game lasted 00:01:28 (1064 turns).

Gadfly the Insei (Demonspawn Monk)                  Turns: 1064, Time: 00:01:29

Health: 0/29       AC:  2    Str: 13    XL:     3   Next: 58%
Magic:  3/3        EV: 13    Int: 10    God:
Gold:   64         SH:  4    Dex: 15    Spells: 2/2 levels left

rFire   . .          .
                       - Unarmed
rCold   . . .        c - orb {light}
rNeg    . . .        a - +0 robe
rPois   .            (helmet restricted)
rElec   .            (no cloak)
rCorr   .            (no gloves)
SInv    .            (no boots)
Will    +....        (no amulet)
Stlth   +            (no ring)
HPRegen 0.24/turn    (no ring)
MPRegen 0.08/turn

%: no passive effects
@: enlightened, flying, glowing
A: horns 1, condensation shield
a: no special abilities


You were on level 2 of the Dungeon.
You visited 1 branch of the dungeon, and saw 2 of its levels.

You collected 64 gold pieces.

Inventory:

Armour
 a - a +0 robe (worn)
 c - an orb of light (worn)
Potions
 f - a potion of resistance


   Skills:
 - Level 3.0 Fighting
 + Level 2.9 Dodging
 * Level 3.2 Unarmed Combat
 * Level 1.5 Evocations
 * Level 1.1 Shapeshifting


You had 2 spell levels left.
You didn't know any spells.
Your spell library contained the following spells:

 Spells                   Type           Power      Damage    Failure   Level
 Call Imp                 Summ           0%         N/A       50%         2
 Sublimation of Blood     Necr           0%         N/A       50%         2
 Summon Hydra             Summ           0%         N/A       100%        7


Dungeon Overview and Level Annotations

Branches:
Dungeon (2/15)

Altars:

Annotations:
D:2 Sigmund


Innate Abilities, Weirdness & Mutations

You have a pair of small horns on your head.
A meltable shield of frost defends you. (SH +4)


Message History

Sigmund hits you with a +0 scythe!
* * * LOW HITPOINT WARNING * * *
You are too injured to fight recklessly!
You are too injured to fight recklessly!
You are too injured to fight recklessly!
You are too injured to fight recklessly!
You are too injured to fight recklessly!
You are too injured to fight recklessly!
You are too injured to fight recklessly!
You are too injured to fight recklessly!
You are too injured to fight recklessly!
You are too injured to fight recklessly!
You are too injured to fight recklessly!
You are too injured to fight recklessly!
You are too injured to fight recklessly!
You are confused.
You feel invigorated. Sigmund hits you with a +0 scythe.
* * * LOW HITPOINT WARNING * * *
It was a potion of enlightenment.
You feel very buoyant.
You fly up into the air.
You're too confused to move!
Sigmund hits you with a +0 scythe!
* * * LOW HITPOINT WARNING * * *
You bump into the rock wall.
Sigmund hits you with a +0 scythe!
* * * LOW HITPOINT WARNING * * *
Okay, then.
You are too confused!
Okay, then.
You are too confused!
You bump into the rock wall.
You feel less invigorated.
You feel less confused.
You barely miss Sigmund.
Sigmund is moderately wounded.
Sigmund hits you with a +0 scythe.
* * * LOW HITPOINT WARNING * * *
You hit Sigmund but do no damage.
Sigmund is moderately wounded.
Sigmund hits you with a +0 scythe.
You die...
Sigmund begins carving another notch in his scythe.

##########
################........#
.................#####..#
################## #...##
#.### #####.# .......
#@†...# ..........@.#####
#### ............. ....
...........### ##
..........# .# ..........
.####).>.......
..##...........
.....####.##.#


You could see Sigmund (invisible).

Vanquished Creatures
  An adder (D:2)
  A gnoll (D:1)
  4 ball pythons
  2 endoplasms
  3 goblins
  4 hobgoblins
  A quokka (D:1)
  10 bats
  3 frilled lizards
  2 rats (D:1)
31 creatures vanquished.

Notes
Turn   | Place    | Note
-------+----------+-------------------------------------------
     0 | D:1      | Gadfly the Demonspawn Monk began the quest for the Orb.
     0 | D:1      | Reached XP level 1. HP: 18/18 MP: 1/1
   300 | D:1      | Discovered your monstrous ancestry.
   300 | D:1      | Gained mutation: You have a pair of small horns on your
                  | head. [demonic ancestry]
   300 | D:1      | Reached XP level 2. HP: 23/24 MP: 2/2
   424 | D:1      | Reached skill level 1 in Evocations
   744 | D:2      | Gained mutation: A meltable shield of frost defends you.
                  | (SH +4) [demonic ancestry]
   744 | D:2      | Reached XP level 3. HP: 26/29 MP: 3/3
   777 | D:2      | Noticed Sigmund
   879 | D:2      | Reached skill level 1 in Shapeshifting
  1064 | D:2      | Slain by Sigmund

Illustrated notes

Levels and vault maps discovered:
D:1:      elethiomel_arrival_shortcut, layout_basic, nicolae_the_louvre
D:2:      layout_rooms, uniq_sigmund

Skill      XL: |  1  2  3 |
---------------+----------+-----
Evocations     | 1 |  1.5
Unarmed Combat | 3 |  3.2
Shapeshifting  | 1 |  1.1
Fighting       | |  3.0
Dodging        | |  2.9

Action                     || total
---------------------------++-------
  Melee: Unarmed           ||    90
         Headbutt          ||    10
    Use: Scroll            ||     2
         Potion            ||     2
 Armour: Robe              ||    66
  Dodge: Dodged            ||    76
